 Dungeon Crawl Stone Soup version 0.27.1 (webtiles) character file.

Game seed: 4128934880141991166

252 MacCMillion the Caller (level 6, -3/41 HPs)
             Began as a Merfolk Summoner on Aug 21, 2021.
             Was a Follower of Vehumet.
             Slain by an ice beast (10 damage)
             ... on level 4 of the Dungeon.
             The game lasted 00:14:48 (5145 turns).

MacCMillion the Caller (Merfolk Summoner)           Turns: 5145, Time: 00:14:49

Health: -3/41      AC:  3    Str: 11    XL:     6   Next: 14%
Magic:  6/9        EV: 12    Int: 14    God:    Vehumet [*.....]
Gold:   122        SH:  0    Dex: 14    Spells: 6/9 levels left

rFire    . . .     SeeInvis .   j - +0 spear
rCold    . . .     Faith    .   (no shield)
rNeg     . . .     Spirit   .   d - +0 leather armour
rPois    +         Reflect  .   (no helmet)
rElec    .         Harm     .   (no cloak)
rCorr    .         Rampage  .   (no gloves)
Will     .....                  (no boots)
Stlth    ++........             (no amulet)
HPRegen  0.13/turn              c - ring of poison resistance
MPRegen  0.11/turn              (no ring)

@: no status effects
A: (nimble swimmer 2), mertail
a: Renounce Religion


You were on level 4 of the Dungeon.
You worshipped Vehumet.
Vehumet was aware of your devotion.
You visited 1 branch of the dungeon, and saw 4 of its levels.

You collected 122 gold pieces.

Inventory:

Hand Weapons
 f - a +0 dagger
 i - a +2 dagger of draining
 j - a +0 spear (weapon)
Armour
 a - a +0 robe
 d - a +0 leather armour (worn)
 o - a +0 ring mail
Jewellery
 c - a ring of poison resistance (left hand)
Wands
 k - a wand of charming (7)
 l - a wand of iceblast (6)
Scrolls
 g - 2 scrolls of identify {unknown}
 h - a scroll of fear {unknown}
 m - a scroll of blinking {unknown}
 n - a scroll of amnesia {unknown}
Potions
 b - 3 potions of curing {unknown}
 e - a potion of lignification {unknown}


   Skills:
 - Level 3.0 Polearms
 - Level 2.8 Dodging
 - Level 2.2 Stealth
 - Level 2.1 Spellcasting
 + Level 6.7 Summonings


You had 6 spell levels left.
You knew the following spells:

 Your Spells              Type           Power      Damage    Failure   Level
a - Summon Small Mammal   Summ           80%        N/A       1%          1
b - Call Imp              Summ           20%        N/A       3%          2

Your spell library contained the following spells:

 Spells                   Type           Power      Damage    Failure   Level
 Magic Dart               Conj           4%         1d3       30%         1
 Call Canine Familiar     Summ           20%        N/A       6%          3
 Summon Guardian Golem    Hex/Summ       10%        N/A       24%         3
 Animate Skeleton         Necr           2%         N/A       30%         1
 Pain                     Necr           4%         1d4       30%         1
 Summon Lightning Spire   Summ/Air       10%        N/A       61%         4
 Vampiric Draining        Necr           0%         2d6       67%         3


Dungeon Overview and Level Annotations

Branches:
Dungeon (4/15)
 Temple: D:4-7

Altars:
Sif Muna
Vehumet

Shops:
D:3 (


Innate Abilities, Weirdness & Mutations

((You are quick and stealthy near water. (Stealth+, EV+, Speed+++)))
Your lower body shifts to a powerful aquatic tail in water.


Message History

Your crimson imp hits the ice beast.
The ice beast closely misses your crimson imp.
Your crimson imp hits the ice beast but does no damage. x2
Reach: j) +0 spear
Press: ? - help, Dir - move target, f/p - ice beast
Aim: an ice beast (heavily wounded, ally target, about 38% to evade your +0 spear)
You could not reach far enough!
The ice beast hits your crimson imp but does no damage.
Your crimson imp hits the ice beast but does no damage. x2
Reach: j) +0 spear
Press: ? - help, Dir - move target, f/p - ice beast
Aim: an ice beast (heavily wounded, ally target, about 38% to evade your +0 spear)
You reach to attack!
You hit the ice beast but do no damage.
The ice beast is heavily wounded.
Your white imp closely misses the ice beast.
The ice beast hits your crimson imp.
The ice beast freezes your crimson imp!!
Your crimson imp is frozen!
Your crimson imp dies!
Your crimson imp hits the ice beast.
Reach: j) +0 spear
Press: ? - help, Dir - move target, f/p - ice beast
Aim: an ice beast (heavily wounded, ally target, about 38% to evade your +0 spear)
Okay, then.
Unknown command.
Casting: Call Imp (safe; 3% risk of failure)
Confirm with . or Enter, or press ? or * to list all spells.
A beastly little devil appears in a puff of flame.
Your white imp hits the ice beast.
Your white imp freezes the ice beast.
The ice beast completely resists.
Your crimson imp hits the ice beast but does no damage.
Your crimson imp barely misses the ice beast.
Your crimson imp blinks!
Casting: Call Imp (safe; 3% risk of failure)
Confirm with . or Enter, or press ? or * to list all spells.
A beastly little devil appears in a puff of flame.
The ice beast hits you.
* * * LOW HITPOINT WARNING * * *
The ice beast freezes you!
You die...

.#....................# ##.......
.####.....#####....##.###..###...
..#####.#######.#.##..##...##...#
...#.....# #.#..####.......##....
...#.(..####..Y...##.............
...# #...#...#........##........
...# #.<...####....##........#..
...# #.....5# ##...##..........<
#.## #####ยง5###@............#...
### #.....#.Y5............#..[
##.....#5.#.###............
...>....5..####..........>.#
.............##..###.......#
#.........#..#.... ....#.###
##........#..#...# .....##
####.#........... ......
###...(.....


You could see an ice beast (ally target), 2 friendly crimson imps and a friendly
white imp (summoned, expiring).

Vanquished Creatures
  Jessica (D:3)
  An adder (D:3)
  A dart slug (D:3)
  An orc (D:4)
  5 endoplasms
  A giant cockroach (D:4)
  A goblin (D:3)
  2 jackals (D:2)
  A ball python (D:2)
  3 bats
  3 frilled lizards
  A kobold (D:3)
  4 rats
25 creatures vanquished.

Vanquished Creatures (collateral kills)
  An ice beast (D:4)
  A necrophage (D:4)
  A scorpion (D:4)
  A jelly (D:3)
  2 adders (D:3)
  An ufetubus (D:4)
  4 worms
  2 orcs (D:3)
  5 endoplasms
  4 goblins
  2 hobgoblins
  A jackal (D:2)
  A ball python (D:4)
  A frilled lizard (D:3)
  2 kobolds
  A rat (D:1)
30 creatures vanquished.

Grand Total: 55 creatures vanquished

Notes
Turn   | Place    | Note
-------+----------+-------------------------------------------
     0 | D:1      | MacCMillion the Merfolk Summoner began the quest for the
                  | Orb.
     0 | D:1      | Reached XP level 1. HP: 13/13 MP: 3/3
     6 | D:1      | Noticed a hog
     6 | D:1      | Noticed a rime drake
     6 | D:1      | Noticed an iguana
     7 | D:1      | Noticed a polar bear
     7 | D:1      | Noticed a redback
   463 | D:1      | Reached XP level 2. HP: 19/19 MP: 5/5
   466 | D:1      | Learned a level 2 spell: Call Imp
  1848 | D:2      | Found a faded altar of an unknown god.
  2596 | D:2      | Reached XP level 3. HP: 24/24 MP: 3/6
  2770 | D:3      | Found a shimmering blue altar of Sif Muna.
  2846 | D:2      | Became a worshipper of Vehumet
  2846 | D:2      | Reached * piety under Vehumet
  2846 | D:2      | Offered knowledge of Magic Dart by Vehumet.
  3014 | D:3      | Reached skill level 5 in Summonings
  3014 | D:3      | Reached XP level 4. HP: 12/30 MP: 1/7
  3528 | D:3      | Found Atuil's Weapon Boutique.
  3625 | D:3      | Noticed Jessica
  3834 | D:3      | Killed Jessica
  3835 | D:3      | Reached skill level 1 in Polearms
  4307 | D:4      | Noticed a scorpion
  4317 | D:4      | Killed a scorpion
  4318 | D:4      | Reached XP level 5. HP: 35/35 MP: 5/8
  4511 | D:4      | Noticed a necrophage
  4527 | D:4      | Killed a necrophage
  4528 | D:4      | Reached skill level 6 in Summonings
  4700 | D:4      | Noticed an ice beast
  4759 | D:4      | Killed an ice beast
  4760 | D:4      | Reached XP level 6. HP: 7/41 MP: 5/9
  5059 | D:4      | Noticed an ice beast
  5145 | D:4      | Slain by an ice beast

Illustrated notes

Levels and vault maps discovered:
D:1:      onia_arrival_zoo_common, layout_basic
D:2:      layout_basic, hellmonk_ecumenical_altar_crossroads
D:3:      layout_rooms, lemuel_round_altar, serial_shops, shop, uniq_jessica
D:4:      layout_cave_pools

Skill      XL: |  1  2  3  4  5 |
---------------+----------------+-----
Summonings     | 5 6 |  6.7
Polearms       | 2 3 |  3.0
Dodging        | |  2.8
Stealth        | |  2.2
Spellcasting   | |  2.1

Action                   |  1- 3 |  4- 6 || total
-------------------------+-------+-------++-------
Melee: Dagger            |    62 |       ||    62
       Unarmed           |     3 |       ||     3
       Spear             |    23 |   101 ||   124
 Cast: Summon Small Mamm |     8 |       ||     8
       Call Imp          |    15 |    25 ||    40
Evoke: Wand              |       |     2 ||     2
 Stab: Sleeping          |     3 |     1 ||     4
       Distracted        |     1 |     2 ||     3
Armor: Robe              |    13 |     5 ||    18
Dodge: Dodged            |    33 |    46 ||    79
